 Dungeon Crawl Stone Soup version 0.22-a0-482-g76e0a5f (webtiles) character file.

60 Gildeon the Magician (level 3, 0/19 HPs)
             Began as a Deep Elf Fire Elementalist on June 17, 2018.
             Succumbed to an adder's poison
             ... on level 2 of the Dungeon.
             The game lasted 00:07:37 (1463 turns).

Gildeon the Magician (Deep Elf Fire Elementalist)   Turns: 1463, Time: 00:07:38

Health: 0/19       AC:  3    Str: 10    XL:     3   Next: 80%
Magic:  7/10       EV: 13    Int: 20    God:
Gold:   92         SH:  4    Dex: 15    Spells: 1/10 levels left

rFire    . . .     SeeInvis .   e - +0 dagger
rCold    . . .     Gourm    .   (no shield)
rNeg     . . .     Faith    .   a - +1 robe
rPois    .         Spirit   .   (no helmet)
rElec    .         Reflect  .   (no cloak)
rCorr    .         Harm     .   (no gloves)
MR       .....                  (no boots)
Stlth    +.........             (no amulet)
HPRegen  0.06/turn              j - ring of loudness (curse)
MPRegen  0.12/turn              (no ring)

@: mighty, lethally poisoned (0 -> -5), berserk cooldown, very slightly
contaminated, slowed, very slow
A: hooves 1, large bone plates 1
a: no special abilities


You were on level 2 of the Dungeon.
You were hungry.

You visited 1 branch of the dungeon, and saw 2 of its levels.

You collected 92 gold pieces.

Inventory:

Hand Weapons
 e - a +0 dagger (weapon)
Missiles
 d - 54 stones (quivered)
Armour
 a - a +1 robe (worn)
Jewellery
 j - a cursed ring of loudness (left hand)
Scrolls
 f - 2 scrolls of teleportation
 g - a scroll of remove curse
 h - 2 scrolls of fear
Comestibles
 b - 3 chunks of flesh
 c - 9 rations


   Skills:
 - Level 2.4 Dodging
 - Level 2.4 Stealth
 + Level 4.1 Spellcasting
 + Level 2.4 Conjurations
 + Level 4.0 Fire Magic


You had one spell level left.
You knew the following spells:

 Your Spells              Type           Power        Failure   Level  Hunger
a - Flame Tongue          Conj/Fire      ###..        3%          1    None
b - Throw Flame           Conj/Fire      ###...       4%          2    #......
c - Conjure Flame         Conj/Fire      ###.....     10%         3    ###....
d - Inner Flame           Hex/Fire       ##......     17%         3    ###....

Your spell library contained the following spells:

 Spells                   Type           Power        Failure   Level  Hunger
 Fireball                 Conj/Fire      ###.......   67%         5    ######.
 Sticky Flame             Conj/Fire      ###.....     32%         4    ####...


Dungeon Overview and Level Annotations

Branches:
Dungeon (2/15)

Altars:


Innate Abilities, Weirdness & Mutations

You have large cloven feet.
You are partially covered in large bone plates. (SH +4)


Message History

The ball python is severely wounded.
The ball python closely misses you. The ball python grabs you.
* * * LOW HITPOINT WARNING * * *
The ball python constricts you.
You hit the ball python.
You kill the ball python!
* * * LOW HITPOINT WARNING * * *
You feel sick.
You see here an adder corpse.
You feel a strong urge to attack something.
You are feeling hungry.
You feel your anger nearly subside.
You are no longer berserk.
You are exhausted.
You feel yourself slow down.
* * * LOW HITPOINT WARNING * * *
You feel sick.
Okay, then.
Okay, then.
You feel very mighty all of a sudden.
You die...

#.# #.# #.# ... #.# #.# #.#
#@# #.############# #########
#.##..........# .
#.......#####.#...#######.###.
####.####..##..†...# #........
........##.##.##.#...#
#.##..<..
#.##.##.##>##.####.###
##.####### #.##.##.........# #
#...# #.##.......##.#.# #...#


There were no monsters in sight!

Vanquished Creatures
  An adder (D:2)
  3 dart slugs
  3 leopard geckos
  2 ball pythons
  2 giant cockroaches (D:1)
  4 goblins
  3 hobgoblins
  5 jackals (D:1)
  6 bats (D:1)
  A frilled lizard (D:1)
  4 kobolds
  5 rats
39 creatures vanquished.

Notes
Turn   | Place    | Note
-------+----------+-------------------------------------------
     0 | D:1      | Gildeon the Deep Elf Fire Elementalist began the quest for the Orb.
     0 | D:1      | Reached XP level 1. HP: 10/10 MP: 6/6
   304 | D:1      | Reached XP level 2. HP: 12/15 MP: 5/8
   308 | D:1      | Learned a level 2 spell: Throw Flame
   713 | D:1      | Reached XP level 3. HP: 17/19 MP: 5/10
   726 | D:1      | Learned a level 3 spell: Conjure Flame
   730 | D:1      | Learned a level 3 spell: Inner Flame
   887 | D:1      | You fall through a shaft!
  1450 | D:2      | Gained mutation: You are partially covered in large bone plates. (SH +4) [potion of mutation]
  1450 | D:2      | Gained mutation: Scrolls take you a little longer to read. [potion of mutation]
  1450 | D:2      | Lost mutation: Scrolls take you a little longer to read. [potion of mutation]
  1450 | D:2      | Gained mutation: You have large cloven feet. [potion of mutation]
  1456 | D:2      | HP: 1/28 [poisoned by an adder]
  1463 | D:2      | Succumbed to an adder's poison

Vault maps used:
D:1:      lightli_arrival_noodles, solitary_fountain
D:2:      makhleb_blood_cavern_becter, first_ration, minmay_misc_feat_cross

Skill      XL: |  1  2  3 |
---------------+----------+-----
Conjurations   | 2 |  2.4
Spellcasting   | 4 |  4.1
Fire Magic     | 4 |  4.0
Dodging        | |  2.4
Stealth        | |  2.4

Action                   || total
-------------------------++-------
Melee: Dagger            ||     9
 Cast: Flame Tongue      ||    76
  Use: Scroll            ||     6
       Potion            ||     3
 Stab: Sleeping          ||     2
  Eat: Chunk             ||     1
Armor: Robe              ||     9
Dodge: Dodged            ||    41
Block: Other             ||     2

Table legend:
 A = Spawn XP
 B = Non-spawn XP
 C = Spawn XP percentage of total XP
 D = Spawn monster count
 E = Non-spawn monster count
 F = Spawn count percentage of total count
 G = Total turns spent on level
                    A         B        C        D         E        F      G
               +---------+---------+-------+---------+---------+-------+---------
         Total |       0 |      86 |   0.0 |       0 |      39 |   0.0 |  1463
               +---------+---------+-------+---------+---------+-------+---------
           D:1 |       0 |      54 |   0.0 |       0 |      29 |   0.0 |  1059
           D:2 |       0 |      32 |   0.0 |       0 |      10 |   0.0 |   404
               +---------+---------+-------+---------+---------+-------+---------
